 Dungeon Crawl Stone Soup version 0.24.1 (webtiles) character file.

Game seed: 6180125407957057332, levelgen mode: deterministic

128 1994 the Grave Robber (level 4, -3/32 HPs)
             Began as a Mummy Necromancer on Apr 4, 2020.
             Slain by Purgy (6 damage)
             ... in a sewer.
             The game lasted 00:13:34 (3468 turns).

1994 the Grave Robber (Mummy Necromancer)           Turns: 3468, Time: 00:13:35

Health: -3/32      AC:  3    Str: 15    XL:     4   Next: 87%
Magic:  3/10       EV: 11    Int: 15    God:
Gold:   132        SH:  5    Dex: 12    Spells: 3/11 levels left

rFire    x . .     SeeInvis .   a - +0 dagger
rCold    + . .     Gourm    .   l - +2 buckler
rNeg     + + +     Faith    .   o - +0 leather armour
rPois    ∞         Spirit   .   (no helmet)
rElec    .         Reflect  .   (no cloak)
rCorr    .         Harm     .   (no gloves)
MR       .....                  (no boots)
Stlth    +.........             (no amulet)
HPRegen  0.10/turn              j - ring of stealth
MPRegen  0.12/turn              q - +4 ring of strength

@: very slow
A: no food or potions, fire vulnerability, cold resistance 1, negative energy
resistance 3, torment resistance, unbreathing
a: no special abilities


You were in a sewer.
You were not hungry.

You visited 1 branch of the dungeon, and saw 3 of its levels.
You also visited: Sewer.

You collected 132 gold pieces.

Inventory:

Hand Weapons
 a - a +0 dagger (weapon)
Missiles
 g - 13 poisoned darts (quivered)
 h - 54 stones
 k - 26 sling bullets
Armour
 b - a +0 robe
 f - a +0 ring mail
 l - a +2 buckler (worn)
 o - a +0 leather armour (worn)
Jewellery
 j - a ring of stealth (left hand)
 q - a +4 ring of strength (right hand)
Scrolls
 c - 2 scrolls of magic mapping
 d - a scroll of amnesia
 i - a scroll of enchant armour {unknown}
 m - a scroll of fear
 n - a scroll of immolation {unknown}
 p - a scroll of fog {unknown}


   Skills:
 - Level 1.4 Fighting
 - Level 1.5 Dodging
 - Level 1.5 Stealth
 * Level 0.9 Shields
 + Level 4.2 Spellcasting
 * Level 5.0 Necromancy


You had 3 spell levels left.
You knew the following spells:

 Your Spells              Type           Power        Failure   Level  Hunger
a - Pain                  Necr           ###.         4%          1    N/A
b - Vampiric Draining     Necr           ###.......   12%         3    N/A
c - Animate Dead          Necr           N/A          38%         4    N/A

Your spell library contained the following spells:

 Spells                   Type           Power        Failure   Level  Hunger
 Animate Skeleton         Necr           N/A          4%          1    N/A
 Regeneration             Chrm/Necr      Unusable     N/A         3    N/A

Dungeon Overview and Level Annotations

Branches:
Dungeon (3/15)              Sewer (1/1)

Altars:
Hepliaklqana
Qazlal
Uskayaw

Annotations:
Sewer Purgy


Innate Abilities, Weirdness & Mutations

You do not eat or drink.
Your flesh is vulnerable to fire.
You are immune to poison.
Your flesh is cold resistant. (rC+)
You are immune to negative energy. (rN+++)
You are immune to unholy pain and torment.
You can survive without breathing.


Message History

Purgy bites you. You block Purgy's attack. Purgy claws you but does no damage.
You enter the shallow water.
Moving in this stuff is going to be slow.
Purgy snarls, "My home!
Leave!"
Purgy bites you. You block Purgy's attack. Purgy claws you but does no damage.
Purgy hisses, "I bite!"
You enter the shallow water.
Moving in this stuff is going to be slow.
Purgy bites you.
* * * LOW HITPOINT WARNING * * *
Purgy claws you but does no damage. Purgy claws you.
* * * LOW HITPOINT WARNING * * *
You enter the shallow water.
Moving in this stuff is going to be slow.
Purgy misses you. You block Purgy's attack. Purgy closely misses you.
You enter the shallow water.
Moving in this stuff is going to be slow.
Purgy snarls, "Go!
Away!"
Purgy bites you.
You die...

##≈ ### ###≈≈####≈###
###≈≈≈#≈≈≈≈≈≈≈#≈≈≈###
≈≈≈≈≈≈≈≈≈≈≈≈≈≈≈≈≈≈≈≈####
≈≈≈≈≈≈≈≈≈≈≈≈≈≈≈≈≈≈≈≈≈≈≈##
≈≈≈≈≈≈≈≈≈≈≈≈≈≈≈≈≈≈≈≈≈≈≈≈##
≈≈≈≈≈≈≈≈≈≈≈≈≈≈≈≈≈≈≈≈≈≈≈≈≈#
≈≈≈≈≈≈≈≈≈≈≈≈≈≈≈.≈≈≈≈≈≈≈≈≈##
≈≈≈≈≈≈≈≈≈≈≈≈≈≈.#@≈≈≈≈≈≈≈≈≈##
≈≈≈≈≈≈..≈≈≈.#####T≈≈≈≈≈≈≈≈≈#
≈≈≈≈.≈###∩∩## #.≈≈≈≈≈≈≈≈≈#
≈≈≈≈≈≈# #### ##≈≈≈≈≈≈≈≈≈##
≈≈≈≈### #.≈≈≈≈≈≈≈≈≈≈# ≈≈≈.#
####.≈≈≈≈≈≈≈≈ ≈≈≈##
#≈≈≈≈≈≈≈≈# .### #.≈≈≈≈≈≈##
## ##.≈≈≈≈≈≈#


You could see Purgy.

Vanquished Creatures
  3 gnolls (D:2)
  A river rat (D:3)
  2 adders
  An ooze (D:1)
  5 worms
  A dart slug (D:1)
  4 leopard geckos (D:1)
  4 bats
  A giant cockroach (D:1)
  5 goblins (D:1)
  3 jackals (D:3)
  6 kobolds
  4 ball pythons
  8 frilled lizards
  6 rats (D:1)
54 creatures vanquished.

Notes
Turn   | Place    | Note
-------+----------+-------------------------------------------
     0 | D:1      | 1994 the Mummy Necromancer began the quest for the Orb.
     0 | D:1      | Reached XP level 1. HP: 13/13 MP: 4/4
   162 | D:1      | Reached XP level 2. HP: 20/20 MP: 0/6
   876 | D:1      | Reached skill level 1 in Fighting
   876 | D:1      | Reached XP level 3. HP: 26/26 MP: 5/8
  1226 | D:1      | Learned a level 3 spell: Vampiric Draining
  1713 | D:2      | Found a hide-covered altar of Uskayaw.
  1713 | D:2      | Found a hazy altar of Hepliaklqana.
  1713 | D:2      | Found a stormy altar of Qazlal.
  2042 | D:2      | Reached XP level 4. HP: 32/32 MP: 3/10
  2137 | D:2      | Learned a level 4 spell: Animate Dead
  2635 | D:3      | Noticed an ice beast
  2874 | D:3      | Found a glowing drain.
  2970 | D:3      | Reached skill level 5 in Necromancy
  3014 | Sewer    | Entered a sewer
  3079 | Sewer    | Noticed Purgy
  3468 | Sewer    | Slain by Purgy

Levels and vault maps discovered:
D:1:      dpeg_arrival_subterranean_lakeside_camping, layout_basic
D:2:      layout_loops_ring, gammafunk_temple_overflow_forgotten, first_ration,
          wander_ebering_terrifying_dragon_lair
D:3:      layout_loops_ring, zin_statuary, hangedman_ru_absence,
          cheibrodos_sewer_entry_sluice, uniq_crazy_yiuf_cottage
Sewer:    sewer_co_purgy_island

Skill      XL: |  1  2  3  4 |
---------------+-------------+-----
Spellcasting   | 3 4 |  4.2
Fighting       | 1 |  1.4
Necromancy     | 5 |  5.0
Dodging        | |  1.5
Stealth        | |  1.5
Shields        | |  0.9

Action                   |  1- 3 |  4- 6 || total
-------------------------+-------+-------++-------
Melee: Dagger            |     2 |    16 ||    18
Throw: Dart              |     4 |    21 ||    25
       Stone             |       |     3 ||     3
       Throwing net      |       |     1 ||     1
 Cast: Pain              |    67 |    37 ||   104
       Vampiric Draining |       |     7 ||     7
       Animate Dead      |       |     1 ||     1
  Use: Scroll            |       |     3 ||     3
 Stab: Sleeping          |       |     2 ||     2
Armor: Ring mail         |     2 |       ||     2
       Leather armour    |       |    14 ||    14
Dodge: Dodged            |     7 |    26 ||    33
Block: Buckler           |       |    13 ||    13
